Map: Dusty Gorge

Players

Rudy

  • Race: Terran Terran
  • Spawn Location: 9:00

Ale

  • Race: Protoss Protoss
  • Spawn Location: 11:00

Massa - Winner!

  • Race: Terran Terran
  • League: Gold
  • Spawn Location: 5:00

qqq - Winner!

  • Race: Zerg Zerg
  • League: Platinum
  • Spawn Location: 3:00

VOD

Have the link to the VOD?

Description

Time

  • Played on: April 9, 2020, 11:31 a.m.
  • Length: 4:12
Show
View Real Time Build Order
Export as new Build Order

Rudy Terran 

Build Orders: 1/1/1 

Get SALT Encoding   

  12  0:01  SCV  
  13  0:14  Supply Depot  
  13  0:23  Refinery  
  13  0:36  Barracks  
  13  0:48  Supply Depot  
  13  0:51  SCV  
  14  1:05  Refinery  
  14  1:26  SCV  
  14  1:31  Factory  
  15  1:39  SCV  
  16  1:51  SCV  
  17  2:03  SCV  
  18  2:16  Starport  
  18  2:17  Factory Tech Lab  
  18  2:19  SCV  
  19  2:31  SCV  
  20  2:43  SCV  
  21  2:56  Fusion Core  
  21  2:57  Orbital Command  
  21  3:04  Marine  
  22  3:07  Starport Tech Lab  
  22  3:21  Marine  
  22  3:23  SCV  
  24  3:35  Supply Depot  
  24  3:52  Marine  
Show
View Real Time Build Order
Export as new Build Order

Ale Protoss 

Build Orders:  

Get SALT Encoding   

  12  0:01  Probe (Chrono Boost)  
  13  0:10  Probe (Chrono Boost)  
  14  0:19  Pylon  
  14  0:23  Probe  
  15  0:38  Gateway  
  15  0:41  Probe  
  16  0:47  Assimilator  
  16  0:54  Pylon  
  16  0:58  Probe  
  17  1:12  Gateway  
  17  1:13  Probe  
  18  1:25  Cybernetics Core  
  18  1:28  Probe  
  19  2:07  Nexus  
  19  2:11  Robotics Facility  
  19  2:12  Adept (Chrono Boost)  
  21  2:26  Assimilator  
  21  2:31  Warp Gate  
  21  2:46  Probe  
  22  2:58  Probe  
  23  3:03  Observer (Chrono Boost)  
  24  3:10  Probe  
  24  3:11  Pylon  
  25  3:22  Probe  
  25  3:24  Probe, Immortal (Chrono Boost)  
  31  3:35  Gateway  
  31  3:38  Gateway  
Show
View Real Time Build Order
Export as new Build Order

Massa Terran - Winner!

Build Orders:  

Get SALT Encoding   

  12  0:01  SCV  
  13  0:14  Supply Depot  
  13  0:18  SCV  
  14  0:30  SCV  
  15  0:36  Barracks  
  15  0:42  SCV  
  16  0:54  SCV  
  17  0:59  Barracks  
  17  1:07  SCV  
  17  1:08  Supply Depot  
  18  1:24  Marine  
  18  1:25  Barracks  
  19  1:27  SCV  
  20  1:39  Refinery, SCV  
  21  1:42  Marine  
  21  1:46  Marine  
  23  1:55  Barracks  
  23  2:03  SCV  
  23  2:05  Marine x2  
  26  2:12  Marine  
  27  2:22  Marine  
  27  2:23  Marine  
  27  2:25  Supply Depot  
  29  2:30  Marine  
  30  2:40  Marine  
  31  2:46  Marine x2  
  31  2:48  Marine  
  31  2:51  Supply Depot  
  34  2:58  Marine  
  34  3:04  Marine x2  
  37  3:13  Marine  
  37  3:14  Factory  
  37  3:16  Marine  
  39  3:22  Marine  
  40  3:29  Marine  
  40  3:31  Marine  
  40  3:34  Marine  
  42  3:40  Marine  
  44  3:47  Marine  
Show
View Real Time Build Order
Export as new Build Order

qqq Zerg - Winner!

Build Orders: Hatch First 

Get SALT Encoding   

  12  0:01  Drone  
  13  0:10  Drone  
  14  0:36  Hatchery  
  13  0:52  Spawning Pool  
  13  0:56  Drone  
  13  0:59  Extractor  
  12  1:04  Drone  
  13  1:12  Overlord  
  13  1:17  Drone  
  14  1:27  Overlord  
  14  1:33  Drone  
  15  1:40  Drone  
  16  1:51  Zergling x2  
  16  1:53  Zergling x2  
  18  2:00  Queen  
  20  2:08  Metabolic Boost  
  20  2:12  Zergling x2  
  21  2:16  Zergling x2  
  21  2:20  Zergling x2  
  23  2:24  Zergling x2  
  23  2:27  Zergling x2  
  25  2:34  Overlord  
  25  2:37  Zergling x2  
  25  2:42  Zergling x2  
  27  2:44  Zergling x2  
  27  2:47  Zergling x2  
  29  2:56  Zergling x2  
  29  2:57  Zergling x2  
  31  3:06  Zergling x2  
  31  3:10  Zergling x6  
  31  3:11  Zergling x2  
  36  3:18  Zergling x2  
  37  3:24  Zergling x2  
  37  3:26  Zergling x2  
  39  3:29  Overlord  
  39  3:39  Zergling x2  
  39  3:40  Zergling x2  
Tags
 
Add a new tag
Caveats
  • Supply blocks, unpowered buildings, or Contaminate may cause inaccurate times.
  • Supply counts are checked every 10 seconds.